 Dungeon Crawl Stone Soup version 0.18.1-1-g2f07953 (webtiles) character file.

651 Eucla the Conjurer (level 7, -3/36 HPs)
             Began as a Deep Elf Conjurer on May 6, 2016.
             Slain by an orc
             ... wielding a +1 flail of protection
              (6 damage)
             ... on level 5 of the Dungeon.
             The game lasted 00:06:14 (4642 turns).

Eucla the Conjurer (Deep Elf Conjurer)              Turns: 4642, Time: 00:06:14

Health: -3/36      AC:  4    Str:  5    XL:     7   Next: 28%
Magic:  6/18       EV:  8    Int: 22    God:
Gold:   189        SH:  0    Dex: 15    Spells: 3 memorised, 8 levels left

rFire  . . .     SeeInvis .     q - +0 halberd (venom)
rCold  . . .     Gourm    .     a - +0 robe
rNeg   . . .     Faith    .     (shield currently unavailable)
rPois  .         Spirit   .     (no helmet)
rElec  .         Dismiss  .     (no cloak)
rCorr  .         Reflect  .     (no gloves)
SustAt .         Harm     .     i - +1 pair of boots
MR     +....                    (no amulet)
Stlth  ++........               (no ring)
                                m - ring of protection from magic

@: very slightly contaminated, invisible, somewhat resistant to hostile
enchantments, unstealthy
A: no striking features
a: no special abilities


You were on level 5 of the Dungeon.
You were very hungry.

You visited 1 branch of the dungeon, and saw 5 of its levels.

You collected 189 gold pieces.

Inventory:

Hand Weapons
 q - a +0 halberd of venom (weapon)
Armour
 a - a +0 robe (worn)
 i - a +1 pair of boots (worn)
Jewellery
 m - a ring of protection from magic (left hand)
 v - an uncursed amulet of guardian spirit
Scrolls
 d - 2 scrolls of fear {unknown}
 g - 4 scrolls of identify {unknown}
 h - 2 scrolls of noise {unknown}
 n - a scroll of fog {unknown}
 o - 2 scrolls of enchant armour {unknown}
 s - a scroll of recharging {unknown}
 x - a scroll of teleportation {unknown}
Potions
 e - 3 potions of curing {unknown}
 f - a potion of might {unknown}
 k - 3 potions of invisibility
 l - 2 potions of haste {unknown}
 p - a potion of lignification {unknown}
 r - a potion of cancellation {unknown}
 t - a potion of heal wounds {unknown}
 u - a potion of flight {unknown}
 w - a potion of degeneration {unknown}
Books
 b - a book of Conjurations

   Spells                             Type                      Level
   a - Magic Dart                     Conjuration                  1
   b - Searing Ray                    Conjuration                  2
   c - Dazzling Spray                 Conjuration/Hexes            3
   d - Fulminant Prism                Conjuration/Hexes            4
   e - Iskenderun's Mystic Blast      Conjuration                  4
   f - Iskenderun's Battlesphere      Conjuration/Charms           5
Comestibles
 c - 4 bread rations
 j - 2 meat rations


   Skills:
 - Level 2.4 Dodging
 - Level 2.4 Stealth
 + Level 6.1 Spellcasting
 * Level 7.6 Conjurations
 * Level 5.2 Charms


You had 8 spell levels left.
You knew the following spells:

 Your Spells              Type           Power        Failure   Level  Hunger
a - Magic Dart            Conj           ####         1%          1    None
b - Iskenderun's Battles  Conj/Chrm      #####...     21%         5    #####..
c - Iskenderun's Mystic   Conj           #####...     4%          4    ###....


Dungeon Overview and Level Annotations

Branches:
Dungeon (5/15)
 Temple: D:4-7

Altars:
Ashenzari
Elyvilon
Gozag
Ru
Yredelemnul
The Shining One

Shops:
D:4 =


Message History

There is a stone staircase leading up here.
There is a stone staircase leading up here.
Unknown command.
There is a stone staircase leading up here.
There is a stone staircase leading up here.
Drink which item? (? for menu, Esc to quit)
It was a potion of invisibility.
You fade into invisibility!
The orc hits you with a flail of protection.
* * * LOW HITPOINT WARNING * * *
You are very lightly contaminated with residual magic.
Unknown command.
Unknown command.
Attack whom?
Press: ? - help, Dir - move target cursor, f/p - orc
Aim: an orc, wielding a flail of protection and wearing a ring mail You reach to attack!
You barely miss the orc. The orc misses you.
There is a stone staircase leading up here.
The orc hits you with a flail of protection.
You die...

#$......###................
#........#.#.###.##........
##.....##...#....######...#
##...# ##.###.#.# #...#
#### #..#.##.# #...#
#.#..##.######...#
#####.......##........
#............#..<##...
#.###@.#.###.........#
#.###.###.o#.###.........#
#......................#.#
#####)###...#.##...†...#.#
#.......#.##.........#
######........#.......
##.##.#..####...#
#.##.#..........
#.......#####.##


You could see an orc.

Vanquished Creatures
  A sky beast (D:5)
  2 ogres (D:4)
  A scorpion (D:5)
  2 orc wizards (D:4)
  An iguana (D:4)
  A worker ant (D:4)
  12 gnolls
  4 adders
  2 worms
  5 giant geckos
  6 orcs
  A ball python (D:3)
  5 giant cockroaches
  6 goblins
  4 hobgoblins
  3 jackals (D:5)
  A quokka (D:2)
  9 bats
  4 giant newts
  4 kobolds (D:1)
  10 rats
84 creatures vanquished.

Notes
Turn   | Place    | Note
--------------------------------------------------------------
     0 | D:1      | Eucla the Deep Elf Conjurer began the quest for the Orb.
     0 | D:1      | Reached XP level 1. HP: 10/10 MP: 6/6
   209 | D:1      | Reached XP level 2. HP: 15/15 MP: 3/8
  1317 | D:2      | Found a sacrificial altar of Ru.
  1469 | D:2      | Found a basalt altar of Yredelemnul.
  1469 | D:2      | Found a glowing golden altar of the Shining One.
  1472 | D:2      | Found a shattered altar of Ashenzari.
  1523 | D:2      | Reached skill level 5 in Conjurations
  1523 | D:2      | Reached XP level 3. HP: 19/19 MP: 7/10
  2437 | D:3      | Reached XP level 4. HP: 22/24 MP: 6/12
  2557 | D:3      | Found a white marble altar of Elyvilon.
  2626 | D:3      | Reached skill level 6 in Conjurations
  2631 | D:3      | Reached XP level 5. HP: 20/28 MP: 2/14
  2634 | D:3      | Reached skill level 5 in Spellcasting
  2813 | D:3      | Found an opulent altar of Gozag.
  3200 | D:4      | Learned a level 5 spell: Iskenderun's Battlesphere
  3205 | D:4      | Learned a level 4 spell: Iskenderun's Mystic Blast
  3350 | D:4      | Noticed an ogre
  3359 | D:4      | Killed an ogre
  3528 | D:4      | Reached XP level 6. HP: 32/32 MP: 6/16
  3764 | D:4      | Found Podann's Jewellery Emporium.
  3996 | D:4      | Reached skill level 7 in Conjurations
  4423 | D:5      | Entered Level 5 of the Dungeon
  4469 | D:5      | Reached XP level 7. HP: 35/36 MP: 8/17
  4529 | D:5      | Reached skill level 5 in Charms
  4629 | D:5      | HP: 1/36 [orc/flail of protection (6)]
  4642 | D:5      | Slain by an orc

Skill      XL: |  1  2  3  4  5  6  7 |
---------------+----------------------+-----
Spellcasting   | 4 5 6 |  6.1
Conjurations   | 5 6 7 |  7.6
Charms         | 2 4 5 |  5.2
Dodging        | |  2.4
Stealth        | |  2.4

Action                   |  1- 3 |  4- 6 |  7- 9 || total
-------------------------+-------+-------+-------++-------
Melee: Unarmed           |     6 |     5 |       ||    11
       Halberd           |       |    13 |    11 ||    24
 Cast: Magic Dart        |    63 |   102 |    11 ||   176
       Iskenderun's Myst |       |     8 |     5 ||    13
  Use: Potion            |       |       |     1 ||     1
  Eat: Chunk             |     2 |     1 |       ||     3
       Fruit             |     6 |       |       ||     6
       Beef jerky        |     1 |       |       ||     1
       Royal jelly       |       |     1 |       ||     1
Armor: Robe              |     4 |     8 |     2 ||    14
Dodge: Dodged            |     7 |    31 |    11 ||    49
